Avalanche vs Panthers

Created - 17 novembre 2017 at 17:07

Goals
1 2 3 T
Avalanche 3 0 3 6
Panthers 1 2 1 4
Shots
1 2 3 T
Avalanche 19 9 12 40
Panthers 4 9 8 21

1st period

1. Avalanche , Dylan Larkin 4 (Brandon Carlo 6, Tomas Hertl 4) at 1:14
2. Avalanche , Dylan Larkin 5 (Zach Werenski 10, Tomas Hertl 5) at 5:19
3. Panthers , Patrick Kane 14 (Nikolaj Ehlers 6, Danny DeKeyser 7) at 9:02
4. Avalanche , Mats Zuccarello 5 (Zach Werenski 11) at 10:35

Penalties :
No Penalty

2nd period

5. Panthers , Logan Couture 9 (Nikolaj Ehlers 7, Patrick Kane 15) at 0:24
6. Panthers , Blake Wheeler 10 (Joe Thornton 15, Jacob Trouba 9) at 14:15

Penalties :
Derek Stepan (COL) for Hooking (Minor) at 5:52

3rd period

7. Avalanche , Mats Zuccarello 6 (Martin Hanzal 13, Alexander Steen 10) at 2:46
8. Panthers , Jacob Trouba 6 (David Perron 4, Jori Lehtera 4) at 12:20
9. Avalanche , Mats Zuccarello 7 (Martin Hanzal 14, Kevin Shattenkirk 10) at 17:01
10. Avalanche , Dylan Larkin 6 (Max Domi 3, Brandon Carlo 7) at 19:18 (Empty Net)

Penalties :
Derek Stepan (COL) for Hooking (Minor) at 6:18

Goalie Stats

Jake Allen (COL), 17 saves from 21 shots - (0.810), W, 8-3-0, 60:00 minutes
Marc-Andre Fleury (FLA), 34 saves from 39 shots - (0.872), L, 9-6-4, 59:46 minutes

Players Stats for Avalanche

Player Name              G  A  P  +/- PIM S  H  SB GA TA FO     MP     PP MP  PK MP  
------------------------------------------------------------------------------------
Alexander Steen          0  1  1   1  0   5  0  1  0  0  0/1    19:38   0:00   1:13 
Alexandre Burrows        0  0  0   0  0   2  0  0  0  0  0/0     5:37   0:00   0:00 
Brandon Carlo            0  2  2   1  0   0  1  0  0  0  0/0    16:12   0:00   0:07 
Derek Stepan             0  0  0  -2  4   5  0  0  0  0  13/27  24:12   0:00   0:00 
Deryk Engelland          0  0  0   2  0   1  2  1  0  0  0/0    19:12   0:00   1:55 
Dylan Larkin             3  0  3   3  0   5  0  0  0  0  0/1    13:50   0:00   0:27 
Jaccob Slavin            0  0  0  -1  0   2  1  2  0  0  0/0    20:18   0:00   2:03 
Jeff Skinner             0  0  0  -2  0   2  2  0  0  0  0/1    19:02   0:00   0:25 
Kevin Shattenkirk        0  1  1  -1  0   2  1  0  0  0  0/0    22:40   0:00   0:00 
Martin Hanzal            0  2  2   1  0   2  2  0  0  0  19/24  20:45   0:00   2:20 
Mats Zuccarello          3  0  3   1  0   5  2  0  0  0  0/1    18:25   0:00   0:00 
Matt Cullen              0  0  0   0  0   0  0  1  0  0  9/11    7:15   0:00   1:38 
Max Domi                 0  1  1   3  0   1  2  0  0  0  0/1    13:23   0:00   0:00 
Mitch Marner             0  0  0  -2  0   1  2  0  0  0  1/1    18:37   0:00   0:00 
Sami Vatanen             0  0  0   1  0   1  0  0  0  0  0/0    18:01   0:00   1:56 
Tomas Hertl              0  2  2   3  0   5  2  0  0  0  13/23  15:16   0:00   1:53 
Tyson Barrie             0  0  0   0  0   0  0  0  0  0  0/0     4:25   0:00   0:00 
Zach Werenski            0  2  2   2  0   1  0  2  0  0  0/0    19:12   0:00   1:55 

Players Stats for Panthers

Player Name              G  A  P  +/- PIM S  H  SB GA TA FO     MP     PP MP  PK MP  
------------------------------------------------------------------------------------
Blake Wheeler            1  0  1   0  0   5  1  0  0  0  2/2    17:40   1:40   0:00 
Brian Campbell           0  0  0  -2  0   2  0  0  0  0  0/0    16:01   1:37   0:00 
Brooks Orpik             0  0  0  -2  0   1  5  2  0  0  0/0    14:24   0:00   0:00 
Danny DeKeyser           0  1  1   0  0   0  0  1  0  0  0/0    20:30   0:24   0:00 
David Perron             0  1  1  -1  0   0  2  1  0  0  0/2    13:18   0:24   0:00 
Jacob Trouba             1  1  2   0  0   1  5  1  0  0  0/0    23:53   2:21   0:00 
Jesper Fast              0  0  0  -1  0   0  0  0  0  0  0/0     7:21   0:00   0:00 
Joe Thornton             0  1  1   0  0   1  4  0  0  0  8/27   17:40   1:40   0:00 
Jori Lehtera             0  1  1  -1  0   1  0  0  0  0  6/13   12:54   0:00   0:00 
Justin Braun             0  0  0   0  0   0  1  3  0  0  0/0    21:19   1:13   0:00 
Logan Couture            1  0  1   0  0   2  1  0  0  0  12/29  21:41   1:54   0:00 
Matthew Tkachuk          0  0  0  -1  0   1  0  0  0  0  0/2    13:18   0:24   0:00 
Mikkel Boedker           0  0  0  -1  0   0  1  0  0  0  1/1     7:21   0:00   0:00 
Nikolaj Ehlers           0  2  2   0  0   1  3  1  0  0  2/5    21:27   1:40   0:00 
Patrick Kane             1  1  2   0  0   3  1  0  0  0  1/3    22:05   2:18   0:00 
Patrik Laine             0  0  0   0  0   2  2  0  0  0  0/0    17:54   1:54   0:00 
T.J. Brodie              0  0  0   0  0   1  0  2  0  0  0/0    23:53   2:21   0:00 
Tanner Kero              0  0  0  -1  0   0  0  0  0  0  4/7     7:21   0:00   0:00 

3 Stars

1 - Dylan Larkin (COL)
2 - Mats Zuccarello (COL)
3 - Jacob Trouba (FLA)

Power Play

Avalanche - 0 on 0 Attempt(s) - 0.00%
Panthers - 0 on 2 Attempt(s) - 0.00%

Penalty Kill

Avalanche - 2 on 2 Attempt(s) - 100.00% - Score 0 goal in Penalty Kill
Panthers - 0 on 0 Attempt(s) - 0.00% - Score 0 goal in Penalty Kill

Team Stat

Avalanche - Hits : 17 - Faceoff Wins : 55 - Blocked Shots : 7 - Penalty Minutes : 4
Panthers - Hits : 26 - Faceoff Wins : 36 - Blocked Shots : 11 - Penalty Minutes : 0

Official

Referees : Chris Rooney and Kyle Rehman
Linesman : Steve Miller and Thor Nelson

Game Notes

Mats Zuccarello has scored a Hat Trick!
Dylan Larkin has scored a Hat Trick!
Dylan Larkin has scored in a empty net!

Finance

Level 1 -- Attendance: 6000 (100.00%) -- Ticket Income 642 000 $
Level 2 -- Attendance: 4951 (99.02%) -- Ticket Income 371 325 $
Level 3 -- Attendance: 3392 (96.91%) -- Ticket Income 166 208 $
Level 4 -- Attendance: 2746 (73.23%) -- Ticket Income 60 412 $
Luxury Box -- Attendance: 952 (95.20%) -- Ticket Income 192 304 $
Game was played at the BBT Center.
Total Attendance: 18041 (93.72%)
Total Ticket Income: 1 432 249 $
Other Income: 214 837 $
Total Income: 1 647 086 $

% Time on Ice - Avalanche

Lines # - Real PCT - Wanted PCT - Time Play
Normal Forward
1 - 33% - 35% - 18:25
2 - 33% - 35% - 18:37
3 - 24% - 20% - 13:23
4 - 10% - 10% - 5:37
Normal Defense
1 - 33% - 35% - 18:15
2 - 31% - 32% - 17:17
3 - 29% - 30% - 16:05
4 - 8% - 3% - 4:25
PP Forward
1 - 0% - 50%
2 - 0% - 50%
PP Defense
1 - 0% - 50%
2 - 0% - 50%
PK Forward
1 - 89% - 60% - 3:33
2 - 11% - 40% - 0:25
PK Defense
1 - 52% - 60% - 2:03
2 - 48% - 40% - 1:55
PK3 Forward
1 - 0% - 60%
2 - 0% - 40%
PK3 Defense
1 - 0% - 60%
2 - 0% - 40%
44 Forward
1 - 0% - 50%
2 - 0% - 50%
44 Defense
1 - 0% - 50%
2 - 0% - 50%
Last Minute Offensive  - 0:00
Last Minute Defensive  - 0:00
Total
Forward - 60:00
Defense - 60:00

% Time on Ice - Panthers

Lines # - Real PCT - Wanted PCT - Time Play
Normal Forward
1 - 35% - 40% - 19:47
2 - 29% - 30% - 16:00
3 - 23% - 20% - 12:54
4 - 13% - 10% - 7:21
Normal Defense
1 - 38% - 40% - 21:32
2 - 36% - 37% - 20:06
3 - 26% - 23% - 14:24
4 - 0% - 0% - 0:00
PP Forward
1 - 58% - 60% - 2:18
2 - 42% - 40% - 1:40
PP Defense
1 - 59% - 60% - 2:21
2 - 41% - 40% - 1:37
PK Forward
1 - 0% - 60%
2 - 0% - 40%
PK Defense
1 - 0% - 60%
2 - 0% - 40%
PK3 Forward
1 - 0% - 60%
2 - 0% - 40%
PK3 Defense
1 - 0% - 60%
2 - 0% - 40%
44 Forward
1 - 0% - 60%
2 - 0% - 40%
44 Defense
1 - 0% - 60%
2 - 0% - 40%
Last Minute Offensive  - 0:00
Last Minute Defensive  - 0:00
Total
Forward - 60:00
Defense - 60:00

Play by Play

1st period


0:01 of 1st period - Martin Hanzal wins face-off versus Logan Couture in neutral zone.
0:01 of 1st period - Martin Hanzal is hit by Nikolaj Ehlers.
0:07 of 1st period - Shot by Alexander Steen.
0:07 of 1st period - Shot Misses the Net.
0:23 of 1st period - Shot by Mats Zuccarello.
0:23 of 1st period - Shot Misses the Net.
0:25 of 1st period - Shot by Jaccob Slavin.
0:25 of 1st period - Shot Misses the Net.
0:27 of 1st period - Shot by Jaccob Slavin.
0:27 of 1st period - Stopped by Marc-Andre Fleury without a rebound.
0:28 of 1st period - Joe Thornton wins face-off versus Derek Stepan in Panthers zone.
0:59 of 1st period - Shot by Joe Thornton.
0:59 of 1st period - Stopped by Jake Allen without a rebound.
1:00 of 1st period - Tomas Hertl wins face-off versus Jori Lehtera in Avalanche zone.
1:12 of 1st period - Shot by Dylan Larkin.
1:12 of 1st period - Shot Blocked by Brooks Orpik.
1:14 of 1st period - Shot by Dylan Larkin.
1:14 of 1st period - Goal by Dylan Larkin - Avalanche : 1 - Panthers : 0.
1:15 of 1st period - Tanner Kero wins face-off versus Martin Hanzal in neutral zone.
2:18 of 1st period - Icing by Brian Campbell.
2:19 of 1st period - Nikolaj Ehlers wins face-off versus Matt Cullen in Panthers zone.
2:36 of 1st period - Shot by Derek Stepan.
2:36 of 1st period - Stopped by Marc-Andre Fleury without a rebound.
2:37 of 1st period - Tomas Hertl wins face-off versus Jori Lehtera in Panthers zone.
3:37 of 1st period - Shot by Jeff Skinner.
3:37 of 1st period - Shot Misses the Net.
4:00 of 1st period - Icing by Brandon Carlo.
4:01 of 1st period - Joe Thornton wins face-off versus Derek Stepan in Avalanche zone.
4:06 of 1st period - Shot by Joe Thornton.
4:06 of 1st period - Shot Misses the Net.
4:08 of 1st period - Shot by Blake Wheeler.
4:08 of 1st period - Stopped by Jake Allen without a rebound.
4:09 of 1st period - Martin Hanzal wins face-off versus Joe Thornton in Avalanche zone.
4:43 of 1st period - Shot by Kevin Shattenkirk.
4:43 of 1st period - Stopped by Marc-Andre Fleury without a rebound.
4:44 of 1st period - Logan Couture wins face-off versus Tomas Hertl in Panthers zone.
4:53 of 1st period - Shot by Patrick Kane.
4:53 of 1st period - Shot Blocked by Zach Werenski.
5:19 of 1st period - Shot by Dylan Larkin.
5:19 of 1st period - Goal by Dylan Larkin - Avalanche : 2 - Panthers : 0.
5:20 of 1st period - Tanner Kero wins face-off versus Derek Stepan in neutral zone.
5:44 of 1st period - Shot by Mitch Marner.
5:44 of 1st period - Shot Blocked by T.J. Brodie.
5:46 of 1st period - Shot by Kevin Shattenkirk.
5:46 of 1st period - Deflect By Derek Stepan.
5:46 of 1st period - Stopped by Marc-Andre Fleury without a rebound.
5:47 of 1st period - Martin Hanzal wins face-off versus Joe Thornton in Panthers zone.
6:16 of 1st period - Sami Vatanen is hit by Joe Thornton and loses puck.
6:20 of 1st period - Icing by Sami Vatanen.
6:21 of 1st period - Martin Hanzal wins face-off versus Logan Couture in Avalanche zone.
6:25 of 1st period - Icing by Martin Hanzal.
6:26 of 1st period - Martin Hanzal wins face-off versus Nikolaj Ehlers in Avalanche zone.
6:31 of 1st period - Jacob Trouba is hit by Martin Hanzal and loses puck.
6:35 of 1st period - Icing by T.J. Brodie.
6:36 of 1st period - Derek Stepan wins face-off versus Logan Couture in Panthers zone.
6:56 of 1st period - Shot by Derek Stepan.
6:56 of 1st period - Deflect By Jeff Skinner.
6:56 of 1st period - Stopped by Marc-Andre Fleury without a rebound.
6:57 of 1st period - Joe Thornton wins face-off versus Tomas Hertl in Panthers zone.
7:24 of 1st period - Shot by Tomas Hertl.
7:24 of 1st period - Stopped by Marc-Andre Fleury without a rebound.
7:25 of 1st period - Matt Cullen wins face-off versus Nikolaj Ehlers in Panthers zone.
7:33 of 1st period - Derek Stepan is hit by Brooks Orpik and loses puck.
7:37 of 1st period - Alexandre Burrows is hit by Brooks Orpik and loses puck.
7:43 of 1st period - Icing by Brian Campbell.
7:44 of 1st period - Martin Hanzal wins face-off versus Patrick Kane in Panthers zone.
7:47 of 1st period - Shot by Alexander Steen.
7:47 of 1st period - Stopped by Marc-Andre Fleury without a rebound.
7:48 of 1st period - Joe Thornton wins face-off versus Derek Stepan in Panthers zone.
9:02 of 1st period - Shot by Patrick Kane.
9:02 of 1st period - Goal by Patrick Kane - Avalanche : 2 - Panthers : 1.
9:03 of 1st period - Tomas Hertl wins face-off versus Jori Lehtera in neutral zone.
9:28 of 1st period - Shot by Jori Lehtera.
9:28 of 1st period - Stopped by Jake Allen without a rebound.
9:29 of 1st period - Matt Cullen wins face-off versus Logan Couture in Avalanche zone.
9:57 of 1st period - Shot by Alexandre Burrows.
9:57 of 1st period - Shot Misses the Net.
9:59 of 1st period - Shot by Derek Stepan.
9:59 of 1st period - Stopped by Marc-Andre Fleury with a rebound.
10:12 of 1st period - Icing by Danny DeKeyser.
10:13 of 1st period - Logan Couture wins face-off versus Alexander Steen in Panthers zone.
10:13 of 1st period - Logan Couture is hit by Martin Hanzal.
10:35 of 1st period - Shot by Mats Zuccarello.
10:35 of 1st period - Goal by Mats Zuccarello - Avalanche : 3 - Panthers : 1.
10:36 of 1st period - Tomas Hertl wins face-off versus Tanner Kero in neutral zone.
10:36 of 1st period - Tomas Hertl is hit by Mikkel Boedker.
11:01 of 1st period - Max Domi is hit by Brooks Orpik and loses puck.
13:12 of 1st period - Mats Zuccarello is hit by Jacob Trouba and loses puck.
13:20 of 1st period - Icing by T.J. Brodie.
13:21 of 1st period - Derek Stepan wins face-off versus Joe Thornton in Panthers zone.
13:26 of 1st period - Shot by Alexandre Burrows.
13:26 of 1st period - Shot Blocked by Jacob Trouba.
13:32 of 1st period - Shot by Kevin Shattenkirk.
13:32 of 1st period - Shot Misses the Net.
13:34 of 1st period - Shot by Alexandre Burrows.
13:34 of 1st period - Stopped by Marc-Andre Fleury without a rebound.
13:35 of 1st period - Logan Couture wins face-off versus Derek Stepan in Panthers zone.
13:48 of 1st period - Shot by Mitch Marner.
13:48 of 1st period - Deflect By Derek Stepan.
13:48 of 1st period - Stopped by Marc-Andre Fleury without a rebound.
13:49 of 1st period - Martin Hanzal wins face-off versus David Perron in Panthers zone.
13:49 of 1st period - Martin Hanzal is hit by Brooks Orpik.
13:55 of 1st period - Shot by Mats Zuccarello.
13:55 of 1st period - Stopped by Marc-Andre Fleury without a rebound.
13:56 of 1st period - Logan Couture wins face-off versus Tomas Hertl in Panthers zone.
14:04 of 1st period - Patrick Kane is hit by Deryk Engelland and loses puck.
14:16 of 1st period - Shot by Max Domi.
14:16 of 1st period - Stopped by Marc-Andre Fleury without a rebound.
14:17 of 1st period - Derek Stepan wins face-off versus Jori Lehtera in Panthers zone.
14:21 of 1st period - Icing by Brooks Orpik.
14:22 of 1st period - Jori Lehtera wins face-off versus Derek Stepan in Panthers zone.
14:22 of 1st period - Jori Lehtera is hit by Jeff Skinner.
14:47 of 1st period - Shot by Matthew Tkachuk.
14:47 of 1st period - Shot Blocked by Jaccob Slavin.
14:53 of 1st period - Shot by David Perron.
14:53 of 1st period - Shot Misses the Net.
15:47 of 1st period - Shot by Alexander Steen.
15:47 of 1st period - Stopped by Marc-Andre Fleury without a rebound.
15:48 of 1st period - Tomas Hertl wins face-off versus Tanner Kero in Panthers zone.
15:48 of 1st period - Tomas Hertl is hit by Jacob Trouba.
16:14 of 1st period - Shot by Dylan Larkin.
16:14 of 1st period - Deflect By Tomas Hertl.
16:14 of 1st period - Stopped by Marc-Andre Fleury without a rebound.
16:15 of 1st period - Matt Cullen wins face-off versus Jori Lehtera in Panthers zone.
16:43 of 1st period - Icing by Brian Campbell.
16:44 of 1st period - Martin Hanzal wins face-off versus David Perron in Panthers zone.
17:11 of 1st period - Shot by Alexander Steen.
17:11 of 1st period - Stopped by Marc-Andre Fleury without a rebound.
17:12 of 1st period - Derek Stepan wins face-off versus Patrick Kane in Panthers zone.
18:03 of 1st period - Shot by Alexander Steen.
18:03 of 1st period - Stopped by Marc-Andre Fleury without a rebound.
18:04 of 1st period - Martin Hanzal wins face-off versus Joe Thornton in Panthers zone.
18:04 of 1st period - Kevin Shattenkirk is hit by Jacob Trouba and loses puck.
19:07 of 1st period - Shot by Tomas Hertl.
19:07 of 1st period - Shot Misses the Net.
19:32 of 1st period - Icing by Zach Werenski.
19:33 of 1st period - Tomas Hertl wins face-off versus Nikolaj Ehlers in Avalanche zone.
19:37 of 1st period - Off-side.
19:38 of 1st period - Logan Couture wins face-off versus Derek Stepan in neutral zone.
Goals for this period are 3 for Avalanche vs 1 for Panthers.
Shots for this period are 19 for Avalanche vs 4 for Panthers.

2nd period


0:01 of 2nd period - Logan Couture wins face-off versus Derek Stepan in neutral zone.
0:18 of 2nd period - Shot by Patrick Kane.
0:18 of 2nd period - Shot Misses the Net.
0:24 of 2nd period - Shot by Logan Couture.
0:24 of 2nd period - Goal by Logan Couture - Avalanche : 3 - Panthers : 2.
0:25 of 2nd period - Martin Hanzal wins face-off versus Joe Thornton in neutral zone.
0:57 of 2nd period - Shot by Martin Hanzal.
0:57 of 2nd period - Stopped by Marc-Andre Fleury without a rebound.
0:58 of 2nd period - Derek Stepan wins face-off versus Logan Couture in Panthers zone.
2:14 of 2nd period - Off-side.
2:15 of 2nd period - Martin Hanzal wins face-off versus Joe Thornton in neutral zone.
2:37 of 2nd period - Icing by Brooks Orpik.
2:38 of 2nd period - Tomas Hertl wins face-off versus Joe Thornton in Panthers zone.
2:47 of 2nd period - Shot by Tomas Hertl.
2:47 of 2nd period - Stopped by Marc-Andre Fleury without a rebound.
2:48 of 2nd period - Martin Hanzal wins face-off versus Matthew Tkachuk in Panthers zone.
3:43 of 2nd period - Martin Hanzal is hit by Patrick Kane and loses puck.
3:48 of 2nd period - Shot by Logan Couture.
3:48 of 2nd period - Shot Misses the Net.
4:12 of 2nd period - Matt Cullen is hit by Nikolaj Ehlers and loses puck.
4:34 of 2nd period - Shot by Brooks Orpik.
4:34 of 2nd period - Stopped by Jake Allen without a rebound.
4:35 of 2nd period - Joe Thornton wins face-off versus Tomas Hertl in Avalanche zone.
4:50 of 2nd period - Shot by Dylan Larkin.
4:50 of 2nd period - Stopped by Marc-Andre Fleury without a rebound.
4:51 of 2nd period - Tanner Kero wins face-off versus Derek Stepan in Panthers zone.
4:51 of 2nd period - Tanner Kero is hit by Jeff Skinner.
5:46 of 2nd period - Justin Braun is hit by Mitch Marner and loses puck.
5:52 of 2nd period - Minor Penalty to Derek Stepan for Hooking.
5:53 of 2nd period - Tomas Hertl wins face-off versus Logan Couture in Avalanche zone.
6:31 of 2nd period - Shot by Patrik Laine.
6:31 of 2nd period - Stopped by Jake Allen without a rebound.
6:32 of 2nd period - Tomas Hertl wins face-off versus Joe Thornton in Avalanche zone.
6:37 of 2nd period - Brian Campbell is hit by Tomas Hertl and loses puck.
6:48 of 2nd period - Shot by Nikolaj Ehlers.
6:48 of 2nd period - Shot Misses the Net.
6:50 of 2nd period - Shot by Brian Campbell.
6:50 of 2nd period - Stopped by Jake Allen with a rebound.
6:52 of 2nd period - Shot by Blake Wheeler.
6:52 of 2nd period - Shot Blocked by Alexander Steen.
6:54 of 2nd period - Shot by Brian Campbell.
6:54 of 2nd period - Stopped by Jake Allen without a rebound.
6:55 of 2nd period - Matt Cullen wins face-off versus Logan Couture in Avalanche zone.
6:55 of 2nd period - Matt Cullen is hit by Patrik Laine.
7:48 of 2nd period - Off-side.
7:49 of 2nd period - Joe Thornton wins face-off versus Tomas Hertl in neutral zone.
8:46 of 2nd period - Icing by Deryk Engelland.
8:47 of 2nd period - Logan Couture wins face-off versus Martin Hanzal in Avalanche zone.
8:52 of 2nd period - Shot by Logan Couture.
8:52 of 2nd period - Shot Misses the Net.
8:54 of 2nd period - Shot by Nikolaj Ehlers.
8:54 of 2nd period - Shot Blocked by Deryk Engelland.
9:35 of 2nd period - Alexander Steen is hit by Patrik Laine and loses puck.
9:45 of 2nd period - Icing by Jacob Trouba.
9:46 of 2nd period - Matt Cullen wins face-off versus Joe Thornton in Panthers zone.
10:18 of 2nd period - Patrik Laine is hit by Brandon Carlo and loses puck.
10:48 of 2nd period - Shot by Kevin Shattenkirk.
10:48 of 2nd period - Stopped by Marc-Andre Fleury without a rebound.
10:49 of 2nd period - Derek Stepan wins face-off versus Logan Couture in Panthers zone.
11:12 of 2nd period - Shot by Patrick Kane.
11:12 of 2nd period - Shot Misses the Net.
12:00 of 2nd period - Jeff Skinner is hit by David Perron.
12:46 of 2nd period - Tanner Kero is hit by Mats Zuccarello and loses puck.
13:15 of 2nd period - Shot by Patrik Laine.
13:15 of 2nd period - Stopped by Jake Allen without a rebound.
13:16 of 2nd period - Logan Couture wins face-off versus Tomas Hertl in Avalanche zone.
13:42 of 2nd period - Nikolaj Ehlers is hit by Deryk Engelland.
13:55 of 2nd period - Off-side.
13:56 of 2nd period - Martin Hanzal wins face-off versus Joe Thornton in neutral zone.
14:15 of 2nd period - Shot by Blake Wheeler.
14:15 of 2nd period - Goal by Blake Wheeler - Avalanche : 3 - Panthers : 3.
14:16 of 2nd period - Matt Cullen wins face-off versus Jori Lehtera in neutral zone.
14:40 of 2nd period - Icing by Jaccob Slavin.
14:41 of 2nd period - Matt Cullen wins face-off versus Logan Couture in Avalanche zone.
15:05 of 2nd period - Icing by T.J. Brodie.
15:06 of 2nd period - Tomas Hertl wins face-off versus Logan Couture in Panthers zone.
15:06 of 2nd period - Zach Werenski is hit by Jacob Trouba and loses puck.
15:29 of 2nd period - Shot by Tomas Hertl.
15:29 of 2nd period - Stopped by Marc-Andre Fleury without a rebound.
15:30 of 2nd period - Martin Hanzal wins face-off versus Joe Thornton in Panthers zone.
15:33 of 2nd period - Shot by Martin Hanzal.
15:33 of 2nd period - Stopped by Marc-Andre Fleury without a rebound.
15:34 of 2nd period - Blake Wheeler wins face-off versus Mats Zuccarello in Panthers zone.
15:41 of 2nd period - Shot by Blake Wheeler.
15:41 of 2nd period - Stopped by Jake Allen with a rebound.
15:43 of 2nd period - Shot by Joe Thornton.
15:43 of 2nd period - Shot Misses the Net.
15:49 of 2nd period - Shot by Patrik Laine.
15:49 of 2nd period - Deflect By Blake Wheeler.
15:49 of 2nd period - Stopped by Jake Allen without a rebound.
15:50 of 2nd period - Jori Lehtera wins face-off versus Derek Stepan in Avalanche zone.
16:21 of 2nd period - T.J. Brodie is hit by Mitch Marner and loses puck.
17:03 of 2nd period - Shot by Alexander Steen.
17:03 of 2nd period - Shot Misses the Net.
17:14 of 2nd period - Icing by Jacob Trouba.
17:15 of 2nd period - Jori Lehtera wins face-off versus Tomas Hertl in Panthers zone.
17:15 of 2nd period - Matthew Tkachuk is hit by Tomas Hertl and loses puck.
17:28 of 2nd period - Shot by Dylan Larkin.
17:28 of 2nd period - Stopped by Marc-Andre Fleury without a rebound.
17:29 of 2nd period - Logan Couture wins face-off versus Matt Cullen in Panthers zone.
17:49 of 2nd period - Patrick Kane is hit by Kevin Shattenkirk and loses puck.
18:03 of 2nd period - Icing by Justin Braun.
18:04 of 2nd period - Logan Couture wins face-off versus Martin Hanzal in Panthers zone.
18:37 of 2nd period - Shot by Mats Zuccarello.
18:37 of 2nd period - Deflect By Alexander Steen.
18:37 of 2nd period - Stopped by Marc-Andre Fleury with a rebound.
18:39 of 2nd period - Shot by Sami Vatanen.
18:39 of 2nd period - Stopped by Marc-Andre Fleury without a rebound.
18:40 of 2nd period - Tomas Hertl wins face-off versus Joe Thornton in Panthers zone.
18:41 of 2nd period - Shot by Max Domi.
18:41 of 2nd period - Shot Blocked by Brooks Orpik.
19:04 of 2nd period - Icing by Brian Campbell.
19:05 of 2nd period - Joe Thornton wins face-off versus Derek Stepan in Panthers zone.
19:33 of 2nd period - Jeff Skinner is hit by Brooks Orpik and loses puck.
Goals for this period are 0 for Avalanche vs 2 for Panthers.
Shots for this period are 9 for Avalanche vs 9 for Panthers.

3rd period


0:01 of 3rd period - Nikolaj Ehlers wins face-off versus Derek Stepan in neutral zone.
0:12 of 3rd period - Icing by Jaccob Slavin.
0:13 of 3rd period - Derek Stepan wins face-off versus Joe Thornton in Avalanche zone.
0:30 of 3rd period - Kevin Shattenkirk is hit by Blake Wheeler and loses puck.
0:37 of 3rd period - Shot by Joe Thornton.
0:37 of 3rd period - Shot Blocked by Jaccob Slavin.
0:45 of 3rd period - Shot by Blake Wheeler.
0:45 of 3rd period - Stopped by Jake Allen without a rebound.
0:46 of 3rd period - Patrick Kane wins face-off versus Martin Hanzal in Avalanche zone.
0:55 of 3rd period - Shot by Alexander Steen.
0:55 of 3rd period - Shot Misses the Net.
1:01 of 3rd period - Justin Braun is hit by Mats Zuccarello and loses puck.
1:16 of 3rd period - Shot by Mats Zuccarello.
1:16 of 3rd period - Stopped by Marc-Andre Fleury without a rebound.
1:17 of 3rd period - Tanner Kero wins face-off versus Tomas Hertl in Panthers zone.
1:28 of 3rd period - Shot by T.J. Brodie.
1:28 of 3rd period - Stopped by Jake Allen without a rebound.
1:29 of 3rd period - Derek Stepan wins face-off versus Joe Thornton in Avalanche zone.
1:29 of 3rd period - Derek Stepan is hit by Joe Thornton.
1:34 of 3rd period - Icing by Kevin Shattenkirk.
1:35 of 3rd period - Derek Stepan wins face-off versus Logan Couture in Avalanche zone.
1:37 of 3rd period - Icing by Jeff Skinner.
1:38 of 3rd period - Derek Stepan wins face-off versus Logan Couture in Avalanche zone.
1:38 of 3rd period - Derek Stepan is hit by Logan Couture.
2:16 of 3rd period - Shot by Logan Couture.
2:16 of 3rd period - Stopped by Jake Allen without a rebound.
2:17 of 3rd period - Martin Hanzal wins face-off versus Joe Thornton in Avalanche zone.
2:44 of 3rd period - Shot by Alexander Steen.
2:44 of 3rd period - Deflect By Mats Zuccarello.
2:44 of 3rd period - Shot Misses the Net.
2:46 of 3rd period - Shot by Martin Hanzal.
2:46 of 3rd period - Deflect By Mats Zuccarello.
2:46 of 3rd period - Goal by Mats Zuccarello - Avalanche : 4 - Panthers : 3.
2:47 of 3rd period - Tomas Hertl wins face-off versus Matthew Tkachuk in neutral zone.
2:50 of 3rd period - David Perron is hit by Max Domi and loses puck.
3:11 of 3rd period - Shot by Tomas Hertl.
3:11 of 3rd period - Shot Misses the Net.
3:36 of 3rd period - Max Domi is hit by Justin Braun and loses puck.
3:43 of 3rd period - Shot by Patrick Kane.
3:43 of 3rd period - Stopped by Jake Allen without a rebound.
3:44 of 3rd period - Derek Stepan wins face-off versus Joe Thornton in Avalanche zone.
3:44 of 3rd period - Derek Stepan is hit by Joe Thornton.
4:10 of 3rd period - Mitch Marner is hit by Jacob Trouba and loses puck.
4:13 of 3rd period - Shot by Derek Stepan.
4:13 of 3rd period - Shot Misses the Net.
4:15 of 3rd period - Shot by Deryk Engelland.
4:15 of 3rd period - Stopped by Marc-Andre Fleury without a rebound.
4:16 of 3rd period - Martin Hanzal wins face-off versus Logan Couture in Panthers zone.
5:21 of 3rd period - Shot by Alexandre Burrows.
5:21 of 3rd period - Stopped by Marc-Andre Fleury without a rebound.
5:22 of 3rd period - Tomas Hertl wins face-off versus Joe Thornton in Panthers zone.
6:18 of 3rd period - Minor Penalty to Derek Stepan for Hooking.
6:19 of 3rd period - Matt Cullen wins face-off versus Logan Couture in Avalanche zone.
7:48 of 3rd period - Shot by David Perron.
7:48 of 3rd period - Shot Blocked by Matt Cullen.
7:50 of 3rd period - Shot by Matthew Tkachuk.
7:50 of 3rd period - Stopped by Jake Allen without a rebound.
7:51 of 3rd period - Blake Wheeler wins face-off versus Dylan Larkin in Avalanche zone.
7:56 of 3rd period - Shot by Blake Wheeler.
7:56 of 3rd period - Shot Misses the Net.
8:40 of 3rd period - Shot by Derek Stepan.
8:40 of 3rd period - Deflect By Jeff Skinner.
8:40 of 3rd period - Stopped by Marc-Andre Fleury without a rebound.
8:41 of 3rd period - Jori Lehtera wins face-off versus Martin Hanzal in Panthers zone.
8:46 of 3rd period - Shot by Matthew Tkachuk.
8:46 of 3rd period - Shot Misses the Net.
8:57 of 3rd period - Icing by Brian Campbell.
8:58 of 3rd period - Jori Lehtera wins face-off versus Derek Stepan in Panthers zone.
9:28 of 3rd period - Shot by Mitch Marner.
9:28 of 3rd period - Shot Misses the Net.
9:30 of 3rd period - Shot by Mitch Marner.
9:30 of 3rd period - Stopped by Marc-Andre Fleury without a rebound.
9:31 of 3rd period - Logan Couture wins face-off versus Max Domi in Panthers zone.
10:48 of 3rd period - Shot by Patrik Laine.
10:48 of 3rd period - Shot Blocked by Zach Werenski.
11:14 of 3rd period - Shot by Mitch Marner.
11:14 of 3rd period - Shot Blocked by Justin Braun.
11:48 of 3rd period - Shot by Mikkel Boedker.
11:48 of 3rd period - Shot Misses the Net.
12:08 of 3rd period - Shot by David Perron.
12:08 of 3rd period - Shot Misses the Net.
12:20 of 3rd period - Shot by Jacob Trouba.
12:20 of 3rd period - Goal by Jacob Trouba - Avalanche : 4 - Panthers : 4.
12:21 of 3rd period - Logan Couture wins face-off versus Tomas Hertl in neutral zone.
12:48 of 3rd period - Shot by Patrick Kane.
12:48 of 3rd period - Stopped by Jake Allen without a rebound.
12:49 of 3rd period - Martin Hanzal wins face-off versus Jori Lehtera in Avalanche zone.
12:49 of 3rd period - Martin Hanzal is hit by David Perron.
13:14 of 3rd period - Icing by Brian Campbell.
13:15 of 3rd period - Jori Lehtera wins face-off versus Tomas Hertl in Panthers zone.
13:29 of 3rd period - Jori Lehtera is hit by Max Domi and loses puck.
14:06 of 3rd period - Shot by Patrick Kane.
14:06 of 3rd period - Deflect By Nikolaj Ehlers.
14:06 of 3rd period - Stopped by Jake Allen without a rebound.
14:07 of 3rd period - Derek Stepan wins face-off versus Joe Thornton in Avalanche zone.
14:07 of 3rd period - Jeff Skinner is hit by Joe Thornton and loses puck.
14:30 of 3rd period - Shot by Jeff Skinner.
14:30 of 3rd period - Shot Blocked by Justin Braun.
14:32 of 3rd period - Shot by Zach Werenski.
14:32 of 3rd period - Stopped by Marc-Andre Fleury with a rebound.
14:42 of 3rd period - Shot by Derek Stepan.
14:42 of 3rd period - Stopped by Marc-Andre Fleury without a rebound.
14:43 of 3rd period - Martin Hanzal wins face-off versus Logan Couture in Panthers zone.
15:03 of 3rd period - Icing by Mats Zuccarello.
15:04 of 3rd period - Martin Hanzal wins face-off versus Tanner Kero in Avalanche zone.
15:19 of 3rd period - Shot by Mats Zuccarello.
15:19 of 3rd period - Shot Misses the Net.
15:21 of 3rd period - Shot by Alexander Steen.
15:21 of 3rd period - Shot Misses the Net.
15:23 of 3rd period - Shot by Jaccob Slavin.
15:23 of 3rd period - Stopped by Marc-Andre Fleury without a rebound.
15:24 of 3rd period - Derek Stepan wins face-off versus Logan Couture in Panthers zone.
15:35 of 3rd period - Shot by Mitch Marner.
15:35 of 3rd period - Shot Misses the Net.
15:37 of 3rd period - Shot by Jeff Skinner.
15:37 of 3rd period - Shot Blocked by Justin Braun.
15:39 of 3rd period - Shot by Derek Stepan.
15:39 of 3rd period - Shot Blocked by Danny DeKeyser.
15:41 of 3rd period - Shot by Zach Werenski.
15:41 of 3rd period - Shot Blocked by Nikolaj Ehlers.
16:01 of 3rd period - Shot by Mitch Marner.
16:01 of 3rd period - Shot Misses the Net.
16:19 of 3rd period - Shot by Dylan Larkin.
16:19 of 3rd period - Deflect By Tomas Hertl.
16:19 of 3rd period - Stopped by Marc-Andre Fleury with a rebound.
16:59 of 3rd period - Shot by Mats Zuccarello.
16:59 of 3rd period - Deflect By Martin Hanzal.
16:59 of 3rd period - Shot Misses the Net.
17:01 of 3rd period - Shot by Mats Zuccarello.
17:01 of 3rd period - Goal by Mats Zuccarello - Avalanche : 5 - Panthers : 4.
17:02 of 3rd period - Matt Cullen wins face-off versus Joe Thornton in neutral zone.
17:13 of 3rd period - Shot by Alexandre Burrows.
17:13 of 3rd period - Shot Blocked by T.J. Brodie.
18:07 of 3rd period - Shot by Mats Zuccarello.
18:07 of 3rd period - Shot Blocked by David Perron.
18:09 of 3rd period - Shot by Mats Zuccarello.
18:09 of 3rd period - Shot Misses the Net.
19:04 of 3rd period - Panthers, Marc-Andre Fleury is pulled from the net.
19:08 of 3rd period - Shot by Mikkel Boedker.
19:08 of 3rd period - Deflect By Tanner Kero.
19:08 of 3rd period - Shot Misses the Net.
19:18 of 3rd period - Shot by Dylan Larkin.
19:18 of 3rd period - Goal by Dylan Larkin - Avalanche : 6 - Panthers : 4.
19:18 of 3rd period - Marc-Andre Fleury from Panthers was sent back in the game.
19:19 of 3rd period - Joe Thornton wins face-off versus Derek Stepan in neutral zone.
19:24 of 3rd period - Shot by Blake Wheeler.
19:24 of 3rd period - Shot Misses the Net.
19:33 of 3rd period - Icing by Mitch Marner.
19:34 of 3rd period - Mitch Marner wins face-off versus Logan Couture in Avalanche zone.
19:34 of 3rd period - Derek Stepan is hit by Nikolaj Ehlers and loses puck.
19:44 of 3rd period - Icing by Kevin Shattenkirk.
19:45 of 3rd period - Mikkel Boedker wins face-off versus Jeff Skinner in Avalanche zone.
19:45 of 3rd period - Mikkel Boedker is hit by Jaccob Slavin.
Goals for this period are 3 for Avalanche vs 1 for Panthers.
Shots for this period are 12 for Avalanche vs 8 for Panthers.